 Dungeon Crawl Stone Soup version 0.25-a0-84-g11f2770 (webtiles) character file.

Game seed: 11681426642096517028, levelgen mode: deterministic

1380 KarmaPolice the Skirmisher (level 8, 0/43 HPs)
             Began as a Vine Stalker Fighter on Oct 13, 2019.
             Was a Follower of Wu Jian.
             Succumbed to a killer bee's poison
             ... on level 8 of the Dungeon on Nov 8, 2019.
             The game lasted 00:28:53 (5125 turns).

KarmaPolice the Skirmisher (Vine Stalker Fighter)   Turns: 5125, Time: 00:28:54

Health: 0/43       AC:  8    Str: 23    XL:     8   Next: 66%
Magic:  1/11       EV: 10    Int:  8    God:    Wu Jian [*.....]
Gold:   432        SH:  9    Dex: 15    Spells: 7/7 levels left

rFire    . . .     SeeInvis .   a - +0 war axe
rCold    + + .     Gourm    .   c - +0 shield
rNeg     . . .     Faith    .   b - +0 scale mail
rPois    .         Spirit   +   x - +0 helmet
rElec    .         Reflect  .   (no cloak)
rCorr    .         Harm     .   (no gloves)
MR       +....                  r - +0 pair of boots
Stlth    +.........             (no amulet)
HPRegen  0.54/turn              z - ring "Saqieras" {rC++ EV+3 Str+3}
MPRegen  0.12/turn              (no ring)

@: lethally poisoned (0 -> -6), about to teleport
A: fangs 3, regeneration 1, magic shield, antimagic bite, no potion heal 3, rot
immunity
a: Renounce Religion


You were on level 8 of the Dungeon.
You worshipped Wu Jian.
Wu Jian was aware of your devotion.
You were not hungry.

You visited 2 branches of the dungeon, and saw 9 of its levels.

You collected 432 gold pieces.

Inventory:

Hand Weapons
 a - a +0 war axe (weapon)
Missiles
 m - 24 poisoned darts (quivered)
 p - 6 boomerangs
Armour
 b - a +0 scale mail (worn)
 c - a +0 shield (worn)
 r - a +0 pair of boots (worn)
 x - a +0 helmet (worn)
 K - a cursed +0 chain mail
Jewellery
 u - a +4 ring of evasion {unknown}
 y - an uncursed ring of resist corrosion {unknown}
 z - the ring "Saqieras" (left hand) {rC++ EV+3 Str+3}
   (You found it on level 5 of the Dungeon)

   [ring of evasion]

   It affects your evasion (+3).
   It affects your strength (+3).
   It greatly protects you from cold.
 F - an uncursed amulet of the gourmand {unknown}
 H - an uncursed ring of protection from cold {unknown}
Wands
 A - a wand of paralysis (12)
 B - a wand of flame (28)
 J - a wand of disintegration (6)
Scrolls
 e - 2 scrolls of identify
 g - a scroll of blinking {unknown}
 k - 3 scrolls of teleportation
 n - 4 scrolls of amnesia {unknown}
 t - 2 scrolls of fear {unknown}
 w - a scroll of fog
 D - a scroll of remove curse {unknown}
 G - 2 scrolls of random uselessness {unknown}
 I - 2 scrolls of magic mapping {unknown}
Potions
 d - a potion of might
 h - 4 potions of curing
 i - 2 potions of heal wounds {unknown}
 j - a potion of flight {unknown}
 l - a potion of cancellation {unknown}
 o - 3 potions of haste {unknown}
 q - 2 potions of lignification {unknown}
 s - a potion of brilliance {unknown}
 v - a potion of resistance {unknown}
 C - 2 potions of mutation {unknown}
 E - a potion of agility {unknown}
Comestibles
 f - 6 rations
 L - a chunk of flesh


   Skills:
 + Level 5.3 Fighting
 + Level 5.0 Axes
 + Level 4.3 Throwing
 - Level 2.6 Armour
 - Level 3.5 Stealth
 - Level 2.9 Shields
 + Level 3.5 Evocations


You had 7 spell levels left.
You didn't know any spells.
Your spell library was empty.

Dungeon Overview and Level Annotations

Branches:
Dungeon (8/15)             Temple (1/1) D:7            Lair (0/6) D:8

Altars:
Ashenzari
Cheibriados
Dithmenos
Fedhas
Gozag
Hepliaklqana
Kikubaaqudgha
Makhleb
Nemelex Xobeh
Okawaru
Qazlal
Ru
Sif Muna
Uskayaw
Vehumet
Wu Jian
Xom
Yredelemnul
Zin
The Shining One


Innate Abilities, Weirdness & Mutations

You have razor-sharp teeth.
Your natural rate of healing is unusually fast.
When hurt, damage is shared between your health and your magic reserves.
Your bite disrupts and absorbs the magic of your enemies.
Potions cannot restore your health.
You are immune to rotting.


Message History

The killer bee stings you but does no damage.
The killer bee stings you.
* * * LOW HITPOINT WARNING * * *
You are more poisoned.
The killer bee poisons you! The killer bee stings you.
* * * LOW HITPOINT WARNING * * *
The killer bee stings you but does no damage.
The killer bee barely misses you.
As you read the scroll of teleportation, it crumbles to dust.
You feel strangely unstable.
* * * LOW HITPOINT WARNING * * *
You feel sick.
The killer bee stings you but does no damage.
The killer bee stings you.
* * * LOW HITPOINT WARNING * * *
The killer bee barely misses you. You block the killer bee's attack.
Okay, then.
As you read the scroll labeled MUHIUG JYICK, it crumbles to dust.
The scroll dissolves into smoke.
It was a scroll of fog.
You die...

.....# #######.).##### ..
#.. #....##...##..# .##..
#....##...##..# ....
#.............# ...
#.............# .. #..
#.§..§........### ...##..
#.§y§##.........#
..!....##.§§@##...#####.##
.....(....§y§###### #..#
..........§§§# ##.#
.......##....# #.##
......[ #....# #..#
...##........# ##.## .y
#........## #####..# .
y..##....... #......##
.... #######.#####.##.#..#


You could see 2 killer bees.

Vanquished Creatures
  A porcupine (D:8)
  A black bear (D:8)
  A centaur (D:7)
  A crocodile (D:7)
  A big kobold (D:8)
  2 bullfrogs
  4 scorpions
  3 killer bees (D:8)
  4 crimson imps
  A centaur skeleton (D:7)
  2 orc priests
  Jessica (D:3)
  9 gnolls
  3 adders
  3 shadow imps
  An ooze (D:2)
  An adder skeleton (D:4)
  An adder zombie (D:8)
  2 worms
  A dart slug (D:2)
  3 leopard geckos
  22 orcs
  11 bats
  2 giant cockroaches
  6 hobgoblins
  6 jackals
  9 kobolds
  5 quokkas
  3 ball pythons
  A frilled lizard (D:2)
  6 goblins
  9 rats
  2 fungi (D:8)
  A plant (D:8)
129 creatures vanquished.

Vanquished Creatures (others)
  3 fungi (D:8)
  A plant (D:8)
4 creatures vanquished.

Grand Total: 133 creatures vanquished

Notes
Turn   | Place    | Note
-------+----------+-------------------------------------------
     0 | D:1      | KarmaPolice the Vine Stalker Fighter began the quest for
                  | the Orb.
     0 | D:1      | Reached XP level 1. HP: 11/11 MP: 2/2
    41 | D:1      | Reached XP level 2. HP: 13/16 MP: 3/3
   175 | D:1      | Upgraded the game from 0.24-a0-813-g0f74319 to
                  | 0.25-a0-79-g1d1f32e
   525 | D:2      | Reached XP level 3. HP: 20/20 MP: 4/4
   597 | D:2      | Reached skill level 1 in Stealth
   764 | D:2      | Found an iron altar of Okawaru.
   942 | D:2      | Gained mutation: Your natural rate of healing is unusually
                  | fast. [Vine Stalker growth]
   942 | D:2      | Reached XP level 4. HP: 8/24 MP: 1/5
  1033 | D:3      | Reached skill level 1 in Throwing
  1503 | D:3      | Reached XP level 5. HP: 28/28 MP: 4/6
  1587 | D:3      | Noticed Jessica
  1591 | D:3      | Killed Jessica
  2052 | D:4      | Reached XP level 6. HP: 24/33 MP: 5/7
  2320 | D:5      | Entered Level 5 of the Dungeon
  2364 | D:5      | Upgraded the game from 0.25-a0-79-g1d1f32e to
                  | 0.25-a0-84-g11f2770
  2653 | D:5      | Got a crude iron ring
  2664 | D:5      | Noticed an ice beast
  2686 | D:5      | Found a blossoming altar of Fedhas.
  2686 | D:5      | Found an opulent altar of Gozag.
  3100 | D:6      | Found a stormy altar of Qazlal.
  3880 | D:7      | Reached skill level 1 in Evocations
  3880 | D:7      | Reached XP level 7. HP: 37/37 MP: 8/8
  3994 | D:7      | Noticed a hog
  3994 | D:7      | Noticed a hog
  3994 | D:7      | Noticed a human
  3994 | D:7      | Noticed a yak
  3994 | D:7      | Noticed a hog
  4318 | D:7      | Found a staircase to the Ecumenical Temple.
  4327 | Temple   | Entered the Ecumenical Temple
  4348 | Temple   | Became a worshipper of the Wu Jian Council
  4586 | D:8      | Found a staircase to the Lair.
  4831 | D:8      | Gained mutation: You have razor-sharp teeth. [Vine Stalker
                  | growth]
  4831 | D:8      | Reached XP level 8. HP: 41/42 MP: 10/10
  4850 | D:8      | Reached skill level 5 in Fighting
  4975 | D:8      | Identified the ring "Saqieras" {rC++ EV+3 Str+3} (You found
                  | it on level 5 of the Dungeon)
  5108 | D:8      | Reached * piety under Wu Jian
  5120 | D:8      | Reached skill level 5 in Axes
  5124 | D:8      | HP: 1/43 [killer bee (4)]
  5125 | D:8      | Succumbed to a killer bee's poison

Levels and vault maps discovered:
D:1:      scummos_arrival_star, layout_rooms
D:2:      layout_rooms, okawaru_ov_weapons_minmay, serial_curves,
          eino_curves_04, eino_curves_04, grunt_ministairs_9
D:3:      layout_basic, first_ration, uniq_jessica
D:4:      layout_gridville
D:5:      layout_basic, amethyst_overflow_temple_binary, corner_web_ring
D:6:      layout_cave_pods, grunt_qazlal_sundering
D:7:      layout_basic, minmay_temple_entry_hall, minmay_misc_feat_square,
          grunt_livestock
D:8:      layout_gridville, elyvilon_altar_5, due_lair_maze_entry_diamond,
          minmay_misc_feat_secret_circle
Temple:   nicolae_temple_elliptical

Skill      XL: |  1  2  3  4  5  6  7  8 |
---------------+-------------------------+-----
Axes           | 2 3 4 5 |  5.0
Fighting       | 3 4 5 |  5.3
Stealth        | 1 2 3 |  3.5
Throwing       | 1 2 3 4 |  4.3
Evocations     | 1 2 3 |  3.5
Armour         | |  2.6
Shields        | |  2.9

Action                   |  1- 3 |  4- 6 |  7- 9 || total
-------------------------+-------+-------+-------++-------
Melee: War axe           |    95 |   176 |   123 ||   394
       Bite              |    25 |    59 |    46 ||   130
Throw: Dart              |       |    27 |    23 ||    50
Evoke: Wand              |       |       |     2 ||     2
  Use: Scroll            |       |       |     6 ||     6
 Stab: Sleeping          |       |     1 |       ||     1
       Paralysed         |       |       |     1 ||     1
  Eat: Chunk             |       |     9 |     2 ||    11
       Ration            |       |       |     1 ||     1
Armor: Scale mail        |    72 |    63 |    70 ||   205
Dodge: Dodged            |    37 |    46 |    47 ||   130
Block: Shield            |    65 |   105 |    93 ||   263

Table legend:
 A = Non-vault XP
 B = Vault XP
 C = Vault XP percentage of total XP
 D = Non-vault monster count
 E = Vault monster count
 F = Vault count percentage of total count
                 A         B        C        D         E       F
            +---------+---------+-------+---------+---------+-------
      Total |    1246 |     726 |  36.8 |     115 |      11 |   8.7
            +---------+---------+-------+---------+---------+-------
        D:1 |      25 |       0 |   0.0 |      16 |       0 |   0.0
        D:2 |      57 |       4 |   6.6 |      21 |       2 |   8.7
        D:3 |     125 |      37 |  22.8 |      26 |       1 |   3.7
        D:4 |     109 |       0 |   0.0 |      14 |       0 |   0.0
        D:5 |     124 |       0 |   0.0 |       8 |       0 |   0.0
        D:6 |      61 |       0 |   0.0 |       8 |       0 |   0.0
        D:7 |     307 |     191 |  38.4 |      12 |       2 |  14.3
        D:8 |     438 |     494 |  53.0 |      10 |       6 |  37.5
            +---------+---------+-------+---------+---------+-------
